 Dungeon Crawl Stone Soup version 0.29-a0-757-g358383bc75 (webtiles) character file.

Game seed: 4381067259636056897

40 gobodom the Magician (level 3, -3/24 HPs)
             Began as a Demonspawn Hedge Wizard on June 30, 2022.
             Was a Follower of Kikubaaqudgha.
             Slain by a worm (5 damage)
             ... on level 2 of the Dungeon.
             The game lasted 00:05:30 (1864 turns).

gobodom the Magician (Demonspawn Hedge Wizard)      Turns: 1864, Time: 00:05:30

Health: -3/24      AC:  2    Str: 10    XL:     3   Next: 30%
Magic:  6/8        EV: 12    Int: 17    God:    Kikubaaqudgha [*.....]
Gold:   53         SH:  0    Dex: 12    Spells: 7/9 levels left

rFire   . . .      SeeInvis .   a - +0 dagger
rCold   . . .      Faith    .   (no shield)
rNeg    . . .      Spirit   .   b - +0 robe
rPois   .          Reflect  .   c - +0 hat
rElec   .          Harm     .   (no cloak)
rCorr   .          Rampage  .   (no gloves)
Will    .....                   (no boots)
Stlth   ++........              (no amulet)
HPRegen 0.08/turn               (no ring)
MPRegen 0.11/turn               (no ring)

@: no status effects
A: hooves 1
a: Renounce Religion, Unearth Wretches


You were on level 2 of the Dungeon.
You worshipped Kikubaaqudgha.
Kikubaaqudgha was aware of your devotion.
You visited 1 branch of the dungeon, and saw 2 of its levels.

You collected 53 gold pieces.

Inventory:

Hand Weapons
 a - a +0 dagger (weapon)
Missiles
 f - 6 boomerangs of dispersal
Armour
 b - a +0 robe (worn)
 c - a +0 hat (worn)
 e - an orb of guile
 m - an orb of energy
Scrolls
 g - a scroll of poison {unknown}
 h - a scroll of acquirement {unknown}
 i - a scroll of amnesia {unknown}
 k - 2 scrolls of vulnerability {unknown}
 l - a scroll of identify {unknown}
 n - a scroll of teleportation {unknown}
Potions
 d - a potion of magic


   Skills:
 + Level 0.1 Fighting
 + Level 0.4 Short Blades
 + Level 1.8 Dodging
 + Level 2.2 Stealth
 + Level 3.7 Spellcasting
 + Level 1.1 Conjurations
 + Level 1.0 Summonings
 + Level 0.8 Translocations


You had 7 spell levels left.
You knew the following spells:

 Your Spells              Type           Power      Damage    Failure   Level
a - Magic Dart            Conj           28%        1d4       10%         1
b - Necrotize             Necr           12%        1d4       16%         1

Your spell library contained the following spells:

 Spells                   Type           Power      Damage    Failure   Level
 Slow                     Hex            12%        N/A       16%         1
 Call Imp                 Summ           6%         N/A       16%         2
 Blink                    Tloc           12%        N/A       17%         2
 Sublimation of Blood     Necr           3%         N/A       24%         2
 Conjure Flame            Conj/Fire      5%         6-21      36%         3
 Mephitic Cloud           Conj/Pois/Air  4%         N/A       38%         3
 Anguish                  Hex/Necr       1%         N/A       85%         4
 Animate Dead             Necr           3%         N/A       85%         4


Dungeon Overview and Level Annotations

Branches:
Dungeon (2/15)

Altars:
Kikubaaqudgha


Innate Abilities, Weirdness & Mutations

You have large cloven feet.


Message History

The frilled lizard hisses angrily.
The frilled lizard writhes in agony.
You kill the frilled lizard!
Kikubaaqudgha accepts your kill.
The dead are walking!
You swap places.
A worm comes into view.
A rat comes into view.
The rat writhes in agony.
You kill the rat!
Kikubaaqudgha accepts your kill.
The dead are walking!
The worm resists with significant effort.
The worm resists with significant effort.
The worm bites you.
You hit the worm. Your kick misses the worm.
The worm is lightly wounded.
You hit the worm but do no damage. You kick the worm, but do no damage.
The worm is lightly wounded.
The worm bites you!
You barely miss the worm.
The worm is lightly wounded.
You barely miss the worm. You kick the worm, but do no damage.
The worm is lightly wounded.
The worm completely misses you.
You are too injured to fight recklessly!
Something bites your rat skeleton.
Your rat skeleton is destroyed!
You hit the worm. You kick the worm. Your punch misses the worm.
The worm is heavily wounded.
The worm bites you!
* * * LOW HITPOINT WARNING * * *
You barely miss the worm.
The worm is heavily wounded.
You barely miss the worm.
The worm is heavily wounded.
Your frilled lizard skeleton bites the worm.
The worm bites you.
You die...
Kikubaaqudgha rasps: "You have failed me!
Welcome... death!"

###### ##### #.....
##...# ##
......##....# ....
.........Zw.##.....
#......##.#@.......
...................
#######...#####.....
#........## ####
#.#....### .....##.#
...# #.# ## #.# #.#


You could see a worm (ally target) and a friendly frilled lizard skeleton.

Vanquished Creatures
  An adder (D:2)
  A dart slug (D:1)
  A ball python (D:1)
  A bat (D:1)
  2 endoplasms (D:1)
  2 goblins (D:1)
  A hobgoblin (D:1)
  7 jackals
  2 quokkas (D:1)
  3 frilled lizards
  4 rats
25 creatures vanquished.

Vanquished Creatures (collateral kills)
  A jackal (D:2)
1 creature vanquished.

Grand Total: 26 creatures vanquished

Notes
Turn   | Place    | Note
-------+----------+-------------------------------------------
     0 | D:1      | gobodom the Demonspawn Hedge Wizard began the quest for the
                  | Orb.
     0 | D:1      | Reached XP level 1. HP: 13/13 MP: 4/4
   378 | D:1      | Gained mutation: You have large cloven feet. [demonic
                  | ancestry]
   378 | D:1      | Reached XP level 2. HP: 19/19 MP: 1/6
  1103 | D:1      | Found a faded altar of an unknown god.
  1110 | D:1      | Prayed at the altar of an unknown god.
  1110 | D:1      | Became a worshipper of Kikubaaqudgha
  1110 | D:1      | Reached * piety under Kikubaaqudgha
  1110 | D:1      | Received a gift from Kikubaaqudgha
  1113 | D:1      | Learned a level 1 spell: Necrotize
  1326 | D:2      | Reached XP level 3. HP: 5/24 MP: 1/8
  1864 | D:2      | Slain by a worm

Illustrated notes

Levels and vault maps discovered:
D:1:      dpeg_arrival_prison, layout_loops_ring,
          shapermc_ecumenical_altar_notcrosses
D:2:      layout_rooms, serial_shops, nicolae_shop_statue_plus

Skill      XL: |  1  2 |
---------------+-------+-----
Stealth        | 2 |  2.2
Fighting       | |  0.1
Short Blades   | |  0.4
Dodging        | |  1.8
Spellcasting   | |  3.7
Conjurations   | |  1.1
Summonings     | |  1.0
Translocations | |  0.8

Action                   || total
-------------------------++-------
Melee: Dagger            ||    48
       Kick              ||    11
 Cast: Magic Dart        ||    33
       Necrotize         ||    11
  Use: Potion            ||     1
Armor: Robe              ||     5
Dodge: Dodged            ||    39

Table legend: (Time is in decaauts)
 A = Elapsed time spent in this place.
 B = Non-inter-level travel time spent in this place.
 C = Inter-level travel time spent in this place.
 D = Time resting spent in this place.
 E = Time spent auto-exploring this place.
 F = Levels seen in this place.
 G = Mean time per level.
                   A        B        C        D        E       F      G
               +--------+--------+--------+--------+--------+-----+--------+
         Total |   1874 |   1856 |     18 |    712 |    921 |   2 |  937.0 |
       Dungeon |   1874 |   1856 |     18 |    712 |    921 |   2 |  937.0 |
               +--------+--------+--------+--------+--------+-----+--------+

Top non-repeatable levels by time:
     D:1: 1275 daAuts
     D:2: 598 daAuts
